AoeStats
← Santi Povs

Arena

510208578Analyzed
2v2 RM · 3d ago on Sep 30, 2026· 36m 8s· 4 players
Game mode
Random Map
Map size
Medium (4 player)
Population
200
Speed
Normal
Resources
Standard
Victory
Conquest
Starting age
Dark Age
Ending age
Imperial Age
RankedLock teamsTeams togetherTeam positionsShared explorationLock speedFull tech treeHidden civsTurbo modeCheats
Victory
Defeat
🇨🇴 Celts · Colombia
993
+17
🇨🇴 Saxons · Colombia
952
+19
🇲🇽 Varangians · Mexico
1032
-19
🇦🇷 Lithuanians · Argentina
987
-17
rentedu92
10:52 Feudal Age
14:47 Castle Age
13:03 Double-Bit Axe
13:37 Horse Collar
15:45 Bow Saw
16:11 Forging
16:36 Loom
23:03 Wheelbarrow
23:31 Scale Mail Armor
23:41 Scale Barding Armor
24:53 Town Watch
25:55 Iron Casting
26:25 Bloodlines
27:52 Hand Cart
27:38 Town Patrol
31:48 Imperial Age
30:31 Chain Barding Armor
30:55 Fletching
31:55 Husbandry
32:13 Heavy Plow
GordoBasofia
10:45 Feudal Age
15:39 Castle Age
14:04 Double-Bit Axe
14:59 Horse Collar
17:40 Bow Saw
18:37 Heavy Plow
19:20 Wheelbarrow
23:26 Forging
23:22 Scale Barding Armor
23:26 Loom
24:07 Hand Cart
27:54 Husbandry
30:42 Imperial Age
29:21 Iron Casting
29:06 Chain Barding Armor
29:20 Light Cavalry
32:20 Chain Barding Armor
33:43 Two-Man Saw
32:35 Gold Mining
33:14 Bloodlines
32:26 Cavalier
35:19 Chemistry
Santi Povs
10:14 Feudal Age
13:52 Castle Age
12:32 Double-Bit Axe
13:19 Horse Collar
26:49 Imperial Age
24:46 Scale Mail Armor
24:51 Heavy Plow
25:26 Bow Saw
25:32 Forging
25:32 Loom
25:33 Town Watch
26:47 Wheelbarrow
27:15 Iron Casting
26:43 Gold Mining
27:36 Chain Mail Armor
28:54 Chemistry
28:36 Capped Ram
30:08 Hand Cart
29:46 Pikeman
31:30 Blast Furnace
30:42 Halberdier
32:13 Plate Mail Armor
33:13 Siege Ram
36:02 Heavy Scorpion
El Ogro
11:27 Feudal Age
15:17 Castle Age
16:09 Wheelbarrow
15:36 Loom
20:26 Wheelbarrow
19:41 Double-Bit Axe
19:39 Horse Collar
22:40 Heavy Plow
23:51 Forging
24:47 Bow Saw
27:53 Fletching
32:02 Imperial Age
32:09 Imperial Age
29:57 Hand Cart
30:31 Scale Mail Armor
32:40 Ballistics
33:54 Conscription
34:13 Siege Engineers
35:03 Elite Varangian Guard
36:17 Gold Mining
Connection lost

Rejoining the realm…

Still unreachable

The connection could not be restored.

Session expired

The server has moved on; the page needs a fresh start.